 Dungeon Crawl Stone Soup version 0.25-a0-861-g340c9e8194 (webtiles) character file.

Game seed: 5833336194145592776, levelgen mode: deterministic

19 Esekla the Charmwright (level 2, 0/16 HPs)
             Began as a Deep Elf Skald on Apr 29, 2020.
             Slain by a quokka (4 damage)
             ... on level 3 of the Dungeon.
             The game lasted 00:04:29 (593 turns).

Esekla the Charmwright (Deep Elf Skald)              Turns: 593, Time: 00:04:29

Health: 0/16       AC:  3    Str:  8    XL:     2   Next: 55%
Magic:  2/8        EV: 12    Int: 17    God:
Gold:   43         SH:  0    Dex: 14    Spells: 3/8 levels left

rFire    . . .     SeeInvis .   a - +0 falchion
rCold    . . .     Gourm    .   (no shield)
rNeg     . . .     Faith    .   b - +0 leather armour
rPois    .         Spirit   .   (no helmet)
rElec    .         Reflect  .   (no cloak)
rCorr    .         Harm     .   (no gloves)
MR       .....                  (no boots)
Stlth    +.........             (no amulet)
HPRegen  0.05/turn              h - ring of flight
MPRegen  0.11/turn              (no ring)

@: very slightly contaminated
A: no striking features
a: Evoke Flight


You were on level 3 of the Dungeon.
You were not hungry.

You visited 1 branch of the dungeon, and saw 3 of its levels.

You collected 43 gold pieces.

Inventory:

Hand Weapons
 a - a +0 falchion (weapon)
Armour
 b - a +0 leather armour (worn)
Jewellery
 h - a ring of flight (left hand)
Scrolls
 e - a scroll of fear {unknown}
 g - a scroll of noise {unknown}
Potions
 c - a potion of degeneration {unknown}
 f - a potion of magic {unknown}
Comestibles
 d - 3 rations


   Skills:
 - Level 1.5 Fighting
 * Level 2.3 Long Blades
 - Level 0.7 Armour
 + Level 2.6 Dodging
 * Level 3.6 Spellcasting
 - Level 4.4 Charms
 * Level 0.2 Translocations


You had 3 spell levels left.
You knew the following spells:

 Your Spells              Type           Power        Failure   Level  Hunger
a - Infusion              Chrm           ###.         3%          1    None
b - Shroud of Golubria    Chrm/Tloc      ##....       14%         2    ##.....
c - Song of Slaying       Chrm           ###.....     6%          2    ##.....

Your spell library contained the following spells:

 Spells                   Type           Power        Failure   Level  Hunger
 Ozocubu's Armour         Chrm/Ice       ##......     28%         3    ###....
 Spectral Weapon          Hex/Chrm       ##......     28%         3    ###....


Dungeon Overview and Level Annotations

Branches:
Dungeon (3/15)

Altars:


Message History

* * * LOW HITPOINT WARNING * * *
Your shroud bends the kobold's attack away.
You hit the kobold.
You kill the kobold!
You closely miss the quokka. The quokka completely misses you.
The quokka barely misses you.
You closely miss the quokka. The quokka misses you.
You riposte.
You barely miss the quokka. You closely miss the quokka.
Your shroud begins to fray at the edges.
The quokka barely misses you.
Your shroud bends the quokka's attack away.
You closely miss the quokka. The quokka closely misses you.
You riposte.
You hit the quokka.
The quokka is moderately wounded.
The quokka bites you but does no damage.
You barely miss the quokka.
The quokka is moderately wounded.
The quokka bites you.
You die...

###################.
#......<.....##.#.#.
#............##.#.#.
#.#########....##.#...
#...(@rg.†...####.#...
###########..†........
#.......###. #......##
#.......## .........#
#.#....#### # #....#
#####


You could see a quokka and a hobgoblin.

Vanquished Creatures
  An adder (D:1)
  A bat (D:1)
  2 giant cockroaches
  A goblin (D:1)
  3 kobolds
  3 rats
11 creatures vanquished.

Notes
Turn   | Place    | Note
-------+----------+-------------------------------------------
     0 | D:1      | Esekla the Deep Elf Skald began the quest for the Orb.
     0 | D:1      | Reached XP level 1. HP: 12/12 MP: 6/6
   253 | D:1      | Reached XP level 2. HP: 7/16 MP: 3/8
   257 | D:1      | Learned a level 2 spell: Shroud of Golubria
   260 | D:1      | Learned a level 2 spell: Song of Slaying
   593 | D:3      | Slain by a quokka

Levels and vault maps discovered:
D:1:      saegor_arrival_simple_b, layout_loops_cross
D:2:      layout_loops_ring, nicolae_tso_carved_into_rock, uniq_robin
D:3:      layout_basic, nicolae_overflow_hidden_temple, zin_scriptorium,
          amethyst_overflow_temple_binary, cheibrodos_ashenzari_chains,
          uniq_natasha, uniq_ijyb

Skill      XL: |  1 |
---------------+----+-----
Long Blades    | 2 |  2.3
Fighting       | |  1.5
Armour         | |  0.7
Dodging        | |  2.6
Spellcasting   | |  3.6
Charms         | |  4.4
Translocations | |  0.2

Action                   || total
-------------------------++-------
Melee: Falchion          ||    33
 Cast: Infusion          ||     3
       Shroud of Golubri ||     3
Armor: Leather armour    ||    12
Dodge: Dodged            ||    28
       Rpst.: Falchion   ||     7

Table legend:
 A = Non-vault XP
 B = Vault XP
 C = Vault XP percentage of total XP
 D = Non-vault monster count
 E = Vault monster count
 F = Vault count percentage of total count
                 A         B        C        D         E       F
            +---------+---------+-------+---------+---------+-------
      Total |      28 |       0 |   0.0 |      11 |       0 |   0.0
            +---------+---------+-------+---------+---------+-------
        D:1 |      20 |       0 |   0.0 |       5 |       0 |   0.0
        D:2 |       5 |       0 |   0.0 |       3 |       0 |   0.0
        D:3 |       3 |       0 |   0.0 |       3 |       0 |   0.0
            +---------+---------+-------+---------+---------+-------
